 Dungeon Crawl Stone Soup version 0.19.0 (webtiles) character file.

29 AlphabetPasta the Gusty (level 2, -2/20 HPs)
             Began as a Demigod Air Elementalist on Nov 13, 2016.
             Slain by a gnoll
             ... wielding a +0 club
              (8 damage)
             ... on level 1 of the Dungeon.
             The game lasted 00:04:35 (1226 turns).

AlphabetPasta the Gusty (Demigod Air Elementalist)  Turns: 1226, Time: 00:04:36

Health: -2/20      AC:  2    Str: 11    XL:     2   Next: 81%
Magic:  0/7        EV: 12    Int: 19    God:
Gold:   56         SH:  0    Dex: 16    Spells: 3 memorised, 0 levels left

rFire  . . .     SeeInvis .     o - +1 whip (elec)
rCold  . . .     Gourm    .     a - +0 robe
rNeg   . . .     Faith    .     (no shield)
rPois  .         Spirit   .     (no helmet)
rElec  .         Reflect  .     (no cloak)
rCorr  .         Harm     .     (no gloves)
MR     .....                    (no boots)
Stlth  ++........               (no amulet)
                                (no ring)
                                (no ring)

@: no status effects
A: high mp 1
a: no special abilities


You were on level 1 of the Dungeon.
You were hungry.

You visited 1 branch of the dungeon, and saw 2 of its levels.

You collected 56 gold pieces.

Inventory:

Hand Weapons
 o - a +1 whip of electrocution (weapon)
Armour
 a - a +0 robe (worn)
Scrolls
 d - a scroll of fear {unknown}
 g - a scroll of amnesia {unknown}
 j - 3 scrolls of enchant armour {unknown}
 k - a scroll of remove curse {unknown}
 p - a scroll of teleportation {unknown}
Potions
 f - a potion of heal wounds
 h - 3 potions of curing
 i - a potion of magic {unknown}
 l - a potion of cancellation {unknown}
Books
 b - a book of Air

   Spells                             Type                      Level
   a - Shock                          Conjuration/Air              1
   b - Swiftness                      Charms/Air                   2
   c - Repel Missiles                 Charms/Air                   2
   d - Static Discharge               Conjuration/Air              3
   e - Lightning Bolt                 Conjuration/Air              5
Comestibles
 c - 2 bread rations
 m - a meat ration
 n - 5 chunks of flesh


   Skills:
 + Level 0.0 Maces & Flails
 - Level 1.7 Dodging
 - Level 1.7 Stealth
 + Level 2.1 Spellcasting
 + Level 1.4 Conjurations
 * Level 3.3 Air Magic


You couldn't memorise any spells.
You knew the following spells:

 Your Spells              Type           Power        Failure   Level  Hunger
a - Shock                 Conj/Air       ##..         10%         1    #......
b - Repel Missiles        Chrm/Air       #.....       14%         2    ##.....
c - Swiftness             Chrm/Air       #.......     14%         2    ##.....


Dungeon Overview and Level Annotations

Branches:
Dungeon (2/15)


Innate Abilities, Weirdness & Mutations

You have an increased reservoir of magic. (+10% MP)


Message History

The gnoll is severely wounded.
The gnoll hits you with a club!
* * * LOW HITPOINT WARNING * * *
Casting: Shock
Confirm with . or Enter, or press ? or * to list all spells.
Aiming: Shock
Press: ? - help, Shift-Dir - straight line, f/p - gnoll
Aim: a gnoll, wielding a club (severely wounded)
The zap hits the gnoll.
The gnoll is almost dead.
The gnoll closely misses you.
Casting: Shock
Confirm with . or Enter, or press ? or * to list all spells.
Aiming: Shock
Press: ? - help, Shift-Dir - straight line, f/p - gnoll
Aim: a gnoll, wielding a club (almost dead)
The zap hits the gnoll.
The gnoll is almost dead.
The gnoll hits you with a club!
You die...

#.♣.♣.♣.♣.♣.♣.#####.##........###
.♣...♣...♣...♣.# ##.###.......#
♣.♣.♣.♣.♣.♣.♣.♣# #....^......##
...♣...♣...♣...# #..#####....#
♣.♣.♣.♣.♣.♣.♣.♣# #..#######..#
.♣...♣...♣...♣.# #...........#
♣.♣.♣.♣.♣.♣.♣.♣###..########.#
...♣...♣...♣........# #.####
♣.♣.♣.♣.♣.♣.♣.♣.@g.## #.....
.♣...♣...♣...♣.##### #..###
♣.♣.♣.♣.♣.♣.♣.♣#############.## #
...♣...♣...♣..............(..#
♣.♣.♣.♣.♣.♣.♣.♣###########.#.## #
.♣...♣...♣...♣.# #.#..###
#.♣.♣.♣.♣.♣.♣..# #.#.....
#####..#######.# #.#..... ##.#
#.######### #.#.....


You could see a gnoll.

Vanquished Creatures
  A dart slug (D:1)
  2 leopard geckos
  3 giant cockroaches
  2 hobgoblins (D:1)
  3 jackals (D:1)
  3 kobolds (D:1)
  3 bats (D:1)
  3 goblins
  2 rats (D:1)
22 creatures vanquished.

Notes
Turn   | Place    | Note
-------+----------+-------------------------------------------
     0 | D:1      | AlphabetPasta the Demigod Air Elementalist began the quest for the Orb.
     0 | D:1      | Reached XP level 1. HP: 14/14 MP: 5/5
     3 | D:1      | Reached skill level 1 in Conjurations
   291 | D:1      | Reached skill level 3 in Air Magic
   394 | D:1      | Reached XP level 2. HP: 19/20 MP: 4/7
   398 | D:1      | Learned a level 2 spell: Repel Missiles
   690 | D:1      | Learned a level 2 spell: Swiftness
  1226 | D:1      | Slain by a gnoll

Skill      XL: |  1  2 |
---------------+-------+-----
Conjurations   | 1 |  1.4
Air Magic      | 3 |  3.3
Spellcasting   | 2 |  2.1
Dodging        | |  1.7
Stealth        | |  1.7

Action                   || total
-------------------------++-------
Melee: Unarmed           ||     7
       Whip              ||     6
 Cast: Shock             ||    58
       Repel Missiles    ||     1
  Use: Scroll            ||     3
  Eat: Chunk             ||     1
Armor: Robe              ||     9
Dodge: Dodged            ||    15
       Deflected         ||     1
